Bubbles, chaotic male elven Priest ---- ---..| -- |....-- -----------......h@..------------- |....GGu^........G)%.............| | --------...........-- ------ - ----.......... |........G.... ---.--.......... -- --..........| ........*.- .......-... ........ .-- ......... ......+.... --.......... -.......... ...---..|.. .-- ------ -- Bubbles the Acolyte Experience level: 5 Strength: 12 Dexterity: 13 Constitution: 15 Intelligence: 10 Wisdom: 16 Charisma: 10 Health: 0(42) Energy: 45(57) Def: 9 Gold: 462 Moves: 1894 Dungeon seed: 56Gg60FaauwslB6X Game ID: Bubbles_1615588332 Your Inventory: Coins $ - 462 gold pieces Weapons a - a blessed +1 mace (weapon in hand) G - 10 +0 arrows (in quiver) H - a +0 bow (alternate weapon; not wielded) Armor e - a burnt +0 robe (being worn) n - a +0 small shield q - a +1 pair of gauntlets of dexterity (being worn) z - a +0 dwarvish iron helm (being worn) A - a +0 leather armor (being worn) M - a +0 dwarvish cloak N - a +0 pair of iron shoes (being worn) Comestibles c - a clove of garlic d - a sprig of wolfsbane l - a banana I - a tripe ration Spellbooks g - a blessed spellbook of healing Potions b - a potion of holy water o - a cursed potion of paralysis Wands w - a wand of magic missile (0:3) Tools h - a magic marker (0:55) i - a tooled horn t - a towel E - a +0 pick-axe J - an oil lamp (lit) (0:1055) K - a tallow candle (0:200) Gems r - a worthless piece of red glass y - 2 worthless pieces of white glass B - a worthless piece of green glass C - a worthless piece of orange glass D - a jasper stone F - a fluorite stone O - a flint stone Y - a worthless piece of yellow glass Spells and supernatural/magical abilities: Name Level Category Fail Memory h - healing 1 healing 0% 91% K - cure sickness 3 healing 94% 91% W - pray for help -- divine ? -- X - turn undead -- divine ? -- Your skills at the end: Fighting Skills Weapon Skills mace [Basic] Spellcasting Skills clerical spells [Basic] Final Attributes: You were piously aligned. You were sleep resistant. You had infravision. You are dead. Vanquished creatures: a rock piercer 2 gnome lords a kobold mummy a kitten 4 dwarves a coyote 2 giant rats 2 brown molds 9 gnomes 5 jackals a goblin 3 sewer rats 2 grid bugs 2 lichens 2 kobold zombies 4 newts 42 creatures vanquished. Voluntary challenges: You were an atheist. You used a wielded weapon 49 times, starting on turn 20. You read items or engraved 1 time, starting on turn 892. You never genocided any monsters. You never polymorphed an object. You never changed form. You used no wishes. You never split a pudding. You never wrote Elbereth's name. You never violated your personal moral code. Dungeon overview: The Dungeons of Doom: levels 1 to 3 Level 1 a fountain a long staircase Level 2 a fountain, a sink Level 3 some fountains stairs to The Gnomish Mines The Gnomish Mines: levels 4 to 5 Level 4 stairs to The Dungeons of Doom Level 5 <- You were here History has recorded: On T:1 you entered the Dungeons of Doom to retrieve the Amulet of Yendor! On T:480 you reached level 2 of The Dungeons of Doom. On T:796 you reached level 3 of The Dungeons of Doom. On T:835 you advanced to experience level 2. On T:1174 you reached level 1 of The Gnomish Mines. On T:1187 you advanced to experience level 3. On T:1229 you advanced to experience level 4. On T:1855 you reached level 2 of The Gnomish Mines. On T:1862 you advanced to experience level 5. Score breakdown: Gold: 462 ( 9067 points) Experience: 5 levels (11141 points) Exploration: 5 levels ( 10.42%) ( 8751 points) Discoveries: 6 items ( 2.10%) ( 4345 points) Valuables value: (no points given unless you survive) Artifact value: 0 ( 0 points) Variety of kills: 16 monsters ( 4.20%) ( 6147 points) Turncount: 1894 turns ( 0 points) Survival: died (score multiplied by 80%) Total score: 31560 Latest messages: You kill the gnome lord! You feel better. There are a few objects here. You resume your meal. You stop eating. There is a staircase up here. There are a few objects here. You miss the dwarf king. (2x) The dwarf king wields a broad pick! The broad pick welds itself to the dwarf king's hand! The dwarf king swings his broad pick. The dwarf king hits! You miss the dwarf king. (2x) The dwarf king swings his broad pick. The dwarf king hits! The dwarf king swings his broad pick. The dwarf king hits! You die... Final status: Goodbye Bubbles the Priest, killed by a dwarf king... You died in The Gnomish Mines on dungeon level 5 with 31560 points, and 462 pieces of gold, after 1894 moves. You were level 5 with a maximum of 42 hit points when you died.